 Dungeon Crawl Stone Soup version 0.30.1 (webtiles) character file.

Game seed: 14339789729709112902

212 Graphine the Digger (level 5, -3/41 HPs)
             Began as a Draconian Earth Elementalist on July 9, 2023.
             Slain by Grinder (4 damage)
             ... while paralysed by Grinder
             ... on level 3 of the Dungeon.
             The game lasted 00:06:30 (2381 turns).

Graphine the Digger (Draconian Earth Elementalist)  Turns: 2381, Time: 00:06:31

Health: -3/41      AC:  5    Str: 11    XL:     5   Next: 58%
Magic:  9/9        EV:  2    Int: 17    God:
Gold:   76         SH:  0    Dex: 11    Spells: 8/9 levels left

rFire   x x .        k - +2 dagger (venom)
rCold   + + .        g - +2 buckler
rNeg    . . .        (body armour unavailable)
rPois   .            (helmet restricted)
rElec   .            (no cloak)
rCorr   .            (no gloves)
SInv    .            (no boots)
Will    .....        (no amulet)
Stlth   ++           d - ring of ice
HPRegen 0.26/turn    f - ring of ice
MPRegen 0.11/turn

%: no passive effects
@: paralysed
A: AC +5, unfitting armour, cold-blooded
a: no special abilities


You were on level 3 of the Dungeon.
You visited 1 branch of the dungeon, and saw 3 of its levels.

You collected 76 gold pieces.

Inventory:

Hand Weapons
 k - a +2 dagger of venom (weapon)
Armour
 g - a +2 buckler (worn)
Jewellery
 d - a ring of ice (left hand)
 f - a ring of ice (right hand)
 j - a ring of flight
Scrolls
 c - 2 scrolls of noise
 e - a scroll of identify
Potions
 h - a potion of lignification {unknown}
 i - a potion of might
 m - a potion of flight {unknown}


   Skills:
 + Level 2.1 Fighting
 + Level 2.6 Dodging
 - Level 1.7 Stealth
 + Level 1.5 Shields
 + Level 2.9 Spellcasting
 - Level 1.0 Transmutations
 * Level 4.5 Earth Magic


You had 8 spell levels left.
You knew the following spells:

 Your Spells              Type           Power      Damage    Failure   Level
a - Sandblast             Erth           34%        2d9       4%          1

Your spell library contained the following spells:

 Spells                   Type           Power      Damage    Failure   Level
 Passwall                 Tmut/Erth      9%         N/A       12%         2
 Sting                    Tmut/Pois      16%        1d3       22%         1
 Stone Arrow              Conj/Erth      20%        3d8       30%         3
 Poisonous Vapours        Pois/Air       4%         N/A       36%         2
 Dazzling Flash           Conj/Hex       4%         N/A       61%         3
 Volatile Blastmotes      Fire/Tloc      4%         2d10      61%         3
 Petrify                  Tmut/Erth      11%        N/A       63%         4
 Iskenderun's Mystic Bla  Conj/Tloc      2%         2d3       95%         4
 Olgreb's Toxic Radiance  Pois           2%         N/A       95%         4
 Summon Ice Beast         Ice/Summ       5%         N/A       95%         4
 Summon Mana Viper        Hex/Summ       2%         N/A       100%        5
 Starburst                Conj/Fire      1%         6d3       100%        6
 Monstrous Menagerie      Summ           1%         N/A       100%        7


Dungeon Overview and Level Annotations

Branches:
Dungeon (3/15)

Altars:

Annotations:
D:3 Grinder


Innate Abilities, Weirdness & Mutations

Your plain brown scales are hard. (AC +5)
You cannot fit into any form of body armour.
You are cold-blooded and may be slowed by cold attacks.


Message History

Grinder is severely wounded.
Grinder gestures at you. Pain shoots through your body!
* * * LOW HITPOINT WARNING * * *
You feel much better. Grinder hits you!
You writhe in agony.
Hit: k) +2 dagger (venom)
Press: ? - help, Dir - move target, f/p - Grinder
Aim: Grinder (severely wounded, about 39% to evade your +2 dagger of venom)
You barely miss Grinder.
Your tail-slap misses Grinder.
Grinder is severely wounded.
Grinder hits you!
* * * LOW HITPOINT WARNING * * *
You writhe in agony.
* * * LOW HITPOINT WARNING * * *
Okay, then.
Casting: Sandblast (safe; 4% risk of failure)
Confirm with . or Enter, or press ? or * to list all spells.
Aiming: Sandblast (safe; 4% risk of failure)
Press: ? - help, Shift-Dir - straight line, f/p - Grinder
Aim: Grinder (severely wounded, 80% to hit)
The blast of sand hits Grinder.
Grinder is severely wounded.
Grinder barely misses you.
Unknown command.
As you read the scroll labelled OKLORU DEQI, it crumbles to dust.
It is a scroll of brand weapon.
Really abort (and waste the scroll)?
Okay, then.
Grinder hits you but does no damage.
Okay, then.
Magic courses through your body. Grinder gestures at you.
You suddenly lose the ability to move!
Grinder hits you but does no damage. Grinder hits you.
* * * LOW HITPOINT WARNING * * *
Grinder hits you.
* * * LOW HITPOINT WARNING * * *
You writhe in agony.
You die...

.......# #.#### ###.####
#.# .##.## #.# .##..#
#.# .###.# #.# .#
#.#######.# .#
#.........###########
.###.#####.............#
.....# #.####5@......#
.##.## #.##.......#..#
.#...# #.##.#..##.#
##...#
#.##.#..##....>... #...#
#.............#.## #...#
##...##.#.##)## #...#
#<..##... ..
##...######......#.# ...
.............#.#.#. ...


You could see Grinder.

Vanquished Creatures
  A phantom (D:3)
  7 adders
  A dart slug (D:3)
  5 endoplasms
  4 giant cockroaches
  4 goblins
  3 hobgoblins
  11 jackals
  5 kobolds
  A quokka (D:2)
  10 ball pythons
  7 bats
  2 frilled lizards
  8 rats
69 creatures vanquished.

Notes
Turn   | Place    | Note
-------+----------+-------------------------------------------
     0 | D:1      | Graphine the Draconian Earth Elementalist began the quest
                  | for the Orb.
     0 | D:1      | Reached XP level 1. HP: 14/14 MP: 3/3
   215 | D:1      | Reached XP level 2. HP: 12/22 MP: 0/5
   512 | D:1      | Reached skill level 1 in Fighting
  1058 | D:2      | Reached XP level 3. HP: 26/28 MP: 3/6
  1426 | D:2      | Reached XP level 4. HP: 35/35 MP: 3/7
  1681 | D:3      | Noticed Grinder
  1707 | D:3      | Noticed a phantom
  1713 | D:3      | Killed a phantom
  1714 | D:3      | Reached skill level 1 in Shields
  1714 | D:3      | Reached skill level 4 in Earth Magic
  1714 | D:3      | Reached XP level 5. HP: 25/41 MP: 1/9
  2378 | D:3      | Paralysed by Grinder for 5 turns
  2381 | D:3      | HP: 1/41 [Grinder (3)]
  2381 | D:3      | Slain by Grinder

Illustrated notes

Levels and vault maps discovered:
D:1:      lightli_iron_boxes, layout_basic
D:2:      layout_rooms
D:3:      layout_loops_cross, uniq_grinder

Skill      XL: |  1  2  3  4  5 |
---------------+----------------+-----
Dodging        | 2 |  2.6
Fighting       | 1 2 |  2.1
Shields        | 1 |  1.5
Earth Magic    | 4 |  4.5
Stealth        | |  1.7
Spellcasting   | |  2.9
Transmutations | |  1.0

Action                     |  1- 3 |  4- 6 || total
---------------------------+-------+-------++-------
  Melee: Dagger            |    33 |    21 ||    54
         Unarmed           |     5 |       ||     5
         Tailslap          |     6 |     1 ||     7
   Cast: Sandblast         |    47 |    50 ||    97
    Use: Scroll            |     3 |     2 ||     5
         Potion            |       |     2 ||     2
 Armour: Skin              |    25 |    24 ||    49
  Dodge: Dodged            |    44 |    22 ||    66
  Block: Buckler           |     6 |    12 ||    18
